 Dungeon Crawl Stone Soup version 0.31-a0-986-g5e6e4ef867 (webtiles) character file.

Game seed: 10073938066234075767

1048 lessens the Ducker (level 8, 0/61 (67) HPs)
             Began as a Gnoll Monk on Nov 15, 2023.
             Was an Initiate of Yredelemnul.
             Slain by a wight
             ... wielding a +1 dire flail of freezing
              (6 damage)
             ... on level 5 of the Dungeon.
             The game lasted 00:07:55 (4677 turns).

lessens the Ducker (Gnoll Monk)                     Turns: 4677, Time: 00:07:56

HP:   0/61 (67)     AC: 11    Str: 18    XL:     8   Next: 25%
MP:   21/21         EV: 14    Int: 10    God:    Yredelemnul [......]
Gold: 312           SH:  5    Dex: 14    Spells: 13/13 levels left

rFire   . . .        g - +2 dagger (elec)
rCold   . . .        d - orb {light}
rNeg    . . .        n - +5 ring mail "Yzafad" {MP+9 Str+5}
rPois   .            (no helmet)
rElec   .            (no cloak)
rCorr   .            j - +0 pair of gloves {hurl}
SInv    .            (no boots)
Will    +....        o - amulet of reflection
Stlth   +            D - ring of willpower
HPRegen 0.30/turn    (no ring)
MPRegen 0.17/turn

%: reflection
@: glowing, drained
A: fangs 1, strong nose, distributed training
a: Renounce Religion, Recall Undead Harvest


You were on level 5 of the Dungeon.
You worshipped Yredelemnul.
Yredelemnul was noncommittal.
You visited 1 branch of the dungeon, and saw 5 of its levels.
You also visited: Ossuary.

You collected 312 gold pieces.

Inventory:

Hand Weapons
 a - a +0 hand axe
 g - a +2 dagger of electrocution (weapon)
 k - a +0 war axe
 I - a +4 short sword
Missiles
 f - 54 stones (quivered)
 u - a curare-tipped dart
 w - 11 boomerangs
Armour
 b - a +0 robe
 d - an orb of light (worn)
 j - a +0 pair of gloves of hurling (worn)
 m - a +0 scale mail
 n - the +5 ring mail "Yzafad" (worn) {MP+9 Str+5}
   (You found it on level 2 of the Dungeon)

   Str+5:     It affects your strength (+5).
   MP+9:      It affects your magic capacity (+9).
Jewellery
 o - an amulet of reflection (around neck)
 D - a ring of willpower (left hand)
Wands
 t - a wand of paralysis (7)
 y - a wand of flame (46)
 C - a wand of mindburst (16)
 G - a wand of polymorph (11)
Scrolls
 e - 4 scrolls of teleportation {unknown}
 l - 12 scrolls of identify {unknown}
 p - 2 scrolls of fog {unknown}
 q - a scroll of brand weapon {unknown}
 r - 2 scrolls of revelation {unknown}
 s - 2 scrolls of enchant armour {unknown}
 v - a scroll of amnesia {unknown}
 B - a scroll of silence {unknown}
 E - a scroll of torment {unknown}
 F - a scroll of blinking {unknown}
Potions
 c - a potion of ambrosia
 h - a potion of resistance {unknown}
 i - 2 potions of cancellation {unknown}
 x - 2 potions of lignification {unknown}
 z - a potion of haste {unknown}
 A - 2 potions of curing {unknown}
 H - a potion of brilliance {unknown}


   Skills:
 + Level 7.3 Fighting
 + Level 3.1 Short Blades
 + Level 3.1 Long Blades
 + Level 7.3 Axes
 + Level 3.1 Maces & Flails
 + Level 3.1 Polearms
 + Level 3.1 Staves
 + Level 3.1 Ranged Weapons
 + Level 3.1 Throwing
 + Level 3.1 Armour
 + Level 7.3 Dodging
 + Level 3.1 Stealth
 + Level 3.1 Shields
 + Level 3.1 Unarmed Combat
 + Level 3.1 Spellcasting
 + Level 2.5 Conjurations
 + Level 2.5 Hexes
 + Level 2.5 Summonings
 + Level 2.5 Necromancy
 + Level 2.5 Translocations
 + Level 2.5 Transmutations
 + Level 2.5 Fire Magic
 + Level 2.5 Ice Magic
 + Level 2.5 Air Magic
 + Level 2.5 Earth Magic
 + Level 2.5 Poison Magic
 + Level 3.5 Invocations
 + Level 3.1 Evocations
 + Level 2.8 Shapeshifting


You had 13 spell levels left.
You didn't know any spells.
Your spell library contained the following spells:

 Spells                   Type           Power      Damage    Failure   Level
 Sting                    Tmut/Pois      24%        1d4       17%         1
 Poisonous Vapours        Pois/Air       12%        N/A       26%         2
 Sublimation of Blood     Necr           6%         N/A       26%         2
 Olgreb's Toxic Radiance  Pois           6%         N/A       86%         4
 Petrify                  Tmut/Erth      6%         N/A       86%         4
 Irradiate                Conj/Tmut      3%         3d12      99%         5


Dungeon Overview and Level Annotations

Branches:
Dungeon (5/15) Zot: 25692 Ossuary (visited)
 Temple: D:4-7

Altars:
Ashenzari
Gozag
Hepliaklqana
Nemelex Xobeh
Ru
Trog
Uskayaw
Vehumet
Wu Jian
Xom
Yredelemnul
Zin
The Shining One


Innate Abilities, Weirdness & Mutations

You have very sharp teeth.
Your uncanny sense of smell can sniff out nearby items.
Your experience applies equally to all skills.


Message History

There is an open door here.
There is an open door here. 4 wights come into view.
A wight is wielding a +1 dire flail of freezing.
There are monsters nearby!
A wight comes into view. It is wielding a +2 falchion.
The wight hits you with a +5 short sword.
You feel drained.
You barely miss the wight. The wight barely misses you.
You completely miss the wight. The wight closely misses you.
You hit the wight.
The wight is moderately damaged.
You hit the wight but do no damage.
The wight is moderately damaged.
The wight hits you but does no damage. The wight hits you with a +4 scimitar.
The wight attacks as it pursues you! The wight misses you.
The wight attacks as it pursues you! The wight closely misses you.
The wight attacks as it pursues you!
The wight hits you with a +5 short sword.
The wight attacks as it pursues you!
The wight hits you with a +1 dire flail of freezing!
The wight freezes you. The wight attacks as it pursues you!
The wight closely misses you. The wight attacks as it pursues you!
You block the wight's attack. The wight attacks as it pursues you!
The wight misses you. The wight attacks as it pursues you!
The wight hits you with a +1 dire flail of freezing!
The wight freezes you. The wight attacks as it pursues you!
The wight hits you with a +1 dire flail of freezing!
You feel drained. The wight freezes you. The wight attacks as it pursues you!
You block the wight's attack. The wight attacks as it pursues you!
The wight hits you with a +1 dire flail of freezing!
* * * LOW HITPOINT WARNING * * *
You feel drained.
* * * LOW HITPOINT WARNING * * *
The wight freezes you.
You die...
Your body rises from the dead as a mindless zombie.

#...# #...........
#...# #####...........
##### #...............
#######zz...######'###
#.....z.#####........'
#......z#...#........#
#.......#..##...###..#
#....z..#..###########
#####@####'##....#
#.....#....#....#
#.....#...##'#### ###
#.....#...##..#####..
#.....#...........#..
#.....'...........#..
####################..
#....................#
#....................#


You could see 5 wights.

Vanquished Creatures
  2 wraiths (Ossuary)
  2 ogres
  A kobold brigand (D:4)
  Blork the orc (D:4)
  2 wights (Ossuary)
  A hound (D:5)
  A jelly (D:4)
  An iguana (D:4)
  A sleepcap (D:5)
  Natasha (thrice) (D:4)
  3 gnolls (D:2)
  5 adders
  An adder zombie (Ossuary)
  A worm (D:2)
  A dart slug (D:2)
  4 orcs
  4 endoplasms
  6 giant cockroaches
  4 hobgoblins
  6 jackals
  7 kobolds
  3 quokkas
  A ball python (D:3)
  2 ball python skeletons (Ossuary)
  6 bats
  5 frilled lizards
  6 goblins
  A hobgoblin skeleton (Ossuary)
  4 hobgoblin zombies (Ossuary)
  A kobold zombie (Ossuary)
  An orc zombie (Ossuary)
87 creatures vanquished.

Vanquished Creatures (collateral kills)
  A gnoll (D:2)
  A dart slug (D:3)
  A ball python (D:2)
  A jackal (D:3)
  A kobold (D:3)
  3 rats
8 creatures vanquished.

Vanquished Creatures (others)
  A scorpion zombie (D:2)
  5 ball python zombies (D:2)
  2 jackal zombies
  A quokka zombie (D:2)
9 creatures vanquished.

Grand Total: 104 creatures vanquished

Notes
Turn   | Place    | Note
-------+----------+-------------------------------------------
     0 | D:1      | lessens the Gnoll Monk began the quest for the Orb.
     0 | D:1      | Reached XP level 1. HP: 23/23 MP: 1/1
   145 | D:1      | Reached XP level 2. HP: 29/29 MP: 2/2
  1172 | D:2      | Found a faded altar of an unknown god.
  1293 | D:2      | Found a basalt altar of Yredelemnul.
  1301 | D:2      | Reached XP level 3. HP: 29/35 MP: 2/4
  1354 | D:2      | Became a worshipper of Yredelemnul the Dark
  1354 | D:2      | Reached * piety under Yredelemnul
  1354 | D:2      | Reached ** piety under Yredelemnul
  1392 | D:2      | Identified the +5 ring mail "Yzafad" {MP+9 Str+5}
  1539 | D:2      | Reached skill level 1 in Invocations
  1588 | D:2      | Reached skill level 1 in Short Blades
  1588 | D:2      | Reached skill level 1 in Long Blades
  1588 | D:2      | Reached skill level 1 in Maces & Flails
  1588 | D:2      | Reached skill level 1 in Polearms
  1588 | D:2      | Reached skill level 1 in Staves
  1588 | D:2      | Reached skill level 1 in Ranged Weapons
  1588 | D:2      | Reached skill level 1 in Throwing
  1588 | D:2      | Reached skill level 1 in Armour
  1588 | D:2      | Reached skill level 1 in Stealth
  1588 | D:2      | Reached skill level 1 in Shields
  1588 | D:2      | Reached skill level 1 in Unarmed Combat
  1588 | D:2      | Reached skill level 1 in Spellcasting
  1588 | D:2      | Reached skill level 1 in Evocations
  1594 | D:2      | Reached XP level 4. HP: 24/41 MP: 5/5
  1616 | D:2      | Reached skill level 1 in Shapeshifting
  1720 | D:2      | Reached skill level 1 in Conjurations
  1720 | D:2      | Reached skill level 1 in Hexes
  1720 | D:2      | Reached skill level 1 in Summonings
  1720 | D:2      | Reached skill level 1 in Necromancy
  1720 | D:2      | Reached skill level 1 in Translocations
  1720 | D:2      | Reached skill level 1 in Transmutations
  1720 | D:2      | Reached skill level 1 in Fire Magic
  1720 | D:2      | Reached skill level 1 in Ice Magic
  1720 | D:2      | Reached skill level 1 in Air Magic
  1720 | D:2      | Reached skill level 1 in Earth Magic
  1720 | D:2      | Reached skill level 1 in Poison Magic
  2220 | D:3      | Reached XP level 5. HP: 46/47 MP: 7/7
  2679 | D:3      | Found a shimmering altar of Xom.
  2679 | D:3      | Found an opulent altar of Gozag.
  2724 | D:3      | Found a sparkling altar of Nemelex Xobeh.
  2761 | D:3      | Found a broken altar of Ashenzari.
  2763 | D:3      | Found a glowing silver altar of Zin.
  2765 | D:3      | Found an ornate altar of the Wu Jian Council.
  2765 | D:3      | Found a hazy altar of Hepliaklqana.
  2765 | D:3      | Found a basalt altar of Yredelemnul.
  2766 | D:3      | Found a radiant altar of Vehumet.
  2767 | D:3      | Found a hide-covered altar of Uskayaw.
  2768 | D:3      | Found a sacrificial altar of Ru.
  2772 | D:3      | Found a bloodstained altar of Trog.
  2850 | D:4      | Found a glowing golden altar of the Shining One.
  2899 | D:4      | Noticed a kobold brigand
  2914 | D:4      | Killed a kobold brigand
  2950 | D:4      | Noticed Natasha
  2956 | D:4      | Killed Natasha
  2957 | D:4      | Reached XP level 6. HP: 43/53 MP: 8/8
  3035 | D:4      | Noticed Blork the orc
  3048 | D:4      | Killed Blork the orc
  3240 | D:4      | Noticed Natasha
  3246 | D:4      | Killed Natasha
  3247 | D:4      | Reached XP level 7. HP: 49/59 MP: 10/10
  3277 | D:4      | Noticed Natasha
  3283 | D:4      | Killed Natasha
  3804 | D:5      | Entered Level 5 of the Dungeon
  4172 | D:5      | Found a sand-covered staircase.
  4179 | Ossuary  | Entered an ossuary
  4297 | Ossuary  | Noticed a flying skull
  4297 | Ossuary  | Noticed a wraith
  4304 | Ossuary  | Noticed a flying skull
  4306 | Ossuary  | Noticed a flying skull
  4309 | Ossuary  | Noticed a wraith
  4318 | Ossuary  | Killed a wraith
  4437 | Ossuary  | Noticed a flying skull
  4450 | Ossuary  | Reached XP level 8. HP: 57/67 MP: 12/12
  4457 | Ossuary  | Noticed a flying skull
  4486 | Ossuary  | Noticed a wraith
  4492 | Ossuary  | Killed a wraith
  4677 | D:5      | Slain by a wight

Illustrated notes

Levels and vault maps discovered:
D:1:      sevenhm_arrival_forest_fort_large_2, layout_basic,
          chequers_serial_rivers_large_a, minivault_14, minmay_worlds_worst_comb
D:2:      layout_loops_cross, basic_altar, ebering_ecumenical_altar_petrified,
          minmay_puff
D:3:      layout_rooms, minitemple, mainiacjoe_overflow_alcove_4,
          minmay_misc_feat_encased, minmay_misc_feat_plants, minmay_surrounded
D:4:      layout_loops_ring, lemuel_tele_altar, uniq_natasha, uniq_blork_the_orc
D:5:      layout_gridville, chequers_ossuary_entry_cave,
          kennysheep_generic_room_10

Skill      XL: |  1  2  3  4  5  6  7  8 |
---------------+-------------------------+-----
Invocations    | 1 2 3 |  3.5
Short Blades   | 1 2 3 |  3.1
Long Blades    | 1 2 3 |  3.1
Maces & Flails | 1 2 3 |  3.1
Polearms       | 1 2 3 |  3.1
Staves         | 1 2 3 |  3.1
Ranged Weapons | 1 2 3 |  3.1
Throwing       | 1 2 3 |  3.1
Armour         | 1 2 3 |  3.1
Stealth        | 1 2 3 |  3.1
Shields        | 1 2 3 |  3.1
Unarmed Combat | 1 2 3 |  3.1
Spellcasting   | 1 2 3 |  3.1
Evocations     | 1 2 3 |  3.1
Shapeshifting  | 1 2 |  2.8
Conjurations   | 1 2 |  2.5
Hexes          | 1 2 |  2.5
Summonings     | 1 2 |  2.5
Necromancy     | 1 2 |  2.5
Translocations | 1 2 |  2.5
Transmutations | 1 2 |  2.5
Fire Magic     | 1 2 |  2.5
Ice Magic      | 1 2 |  2.5
Air Magic      | 1 2 |  2.5
Earth Magic    | 1 2 |  2.5
Poison Magic   | 1 2 |  2.5
Fighting       | 7 |  7.3
Axes           | 7 |  7.3
Dodging        | 7 |  7.3

Action                     |  1- 3 |  4- 6 |  7- 9 || total
---------------------------+-------+-------+-------++-------
  Melee: Hand axe          |    13 |       |       ||    13
         Bite              |     9 |     8 |    21 ||    38
         Dagger            |    53 |   116 |    91 ||   260
  Throw: Stone             |       |     5 |       ||     5
 Invoke: Recall Undead Har |       |     1 |     1 ||     2
  Evoke: Wand              |       |     2 |       ||     2
   Stab: Paralysed         |       |     3 |       ||     3
 Armour: Robe              |     8 |       |       ||     8
         Ring mail         |    15 |    53 |    37 ||   105
         Scale mail        |     1 |       |       ||     1
  Dodge: Dodged            |    39 |    50 |    42 ||   131
  Block: Orb               |     5 |    21 |    18 ||    44
         Reflection        |       |       |     1 ||     1

Table legend: (Time is in decaauts)
 A = Elapsed time spent in this place.
 B = Non-inter-level travel time spent in this place.
 C = Inter-level travel time spent in this place.
 D = Time resting spent in this place.
 E = Time spent auto-exploring this place.
 F = Levels seen in this place.
 G = Mean time per level.
                   A        B        C        D        E       F      G
               +--------+--------+--------+--------+--------+-----+--------+
         Total |   4681 |   4576 |    105 |    144 |   3251 |   6 |  780.2 |
       Dungeon |   4306 |   4201 |    105 |     44 |   3159 |   5 |  861.2 |
       Ossuary |    374 |    374 |      0 |    100 |     92 |   1 |  374.0 |
               +--------+--------+--------+--------+--------+-----+--------+

Top non-repeatable levels by time:
     D:1: 1130 daAuts
     D:2: 1069 daAuts
     D:4: 950 daAuts
     D:3: 651 daAuts
     D:5: 505 daAuts
 Ossuary: 374 daAuts

Levels and vault maps discovered:
D:1:      sevenhm_arrival_forest_fort_large_2, layout_basic,
          chequers_serial_rivers_large_a, minivault_14, minmay_worlds_worst_comb
D:2:      layout_loops_cross, basic_altar, ebering_ecumenical_altar_petrified,
          minmay_puff
D:3:      layout_rooms, minitemple, mainiacjoe_overflow_alcove_4,
          minmay_misc_feat_encased, minmay_misc_feat_plants, minmay_surrounded
D:4:      layout_loops_ring, lemuel_tele_altar, uniq_natasha, uniq_blork_the_orc
D:5:      layout_gridville, chequers_ossuary_entry_cave,
          kennysheep_generic_room_10
